 Dungeon Crawl Stone Soup version 0.25.1-8-g42b30a86e7 (webtiles) character file.

Game seed: 8763315854412732888

121 Fractals the Vandal (level 5, -5/37 HPs)
             Began as a Halfling Hunter on Dec 18, 2020.
             Killed by divine providence
             ... invoked by an orc priest
              (11 damage)
             ... on level 3 of the Dungeon.
             The game lasted 00:10:48 (2409 turns).

Fractals the Vandal (Halfling Hunter)               Turns: 2409, Time: 00:10:48

Health: -5/37      AC:  9    Str: 14    XL:     5   Next: 26%
Magic:  5/5        EV:  9    Int:  9    God:
Gold:   93         SH:  0    Dex: 15    Spells: 4/4 levels left

rFire    . . .     SeeInvis .   a - +1 hunting sling
rCold    . . .     Gourm    .   (shield restricted)
rNeg     . . .     Faith    .   q - +0 chain mail
rPois    .         Spirit   .   u - +0 helmet
rElec    .         Reflect  .   (no cloak)
rCorr    .         Harm     .   (no gloves)
MR       .....                  (no boots)
Stlth    ..........             (no amulet)
HPRegen  0.12/turn              (no ring)
MPRegen  0.09/turn              (no ring)

@: no status effects
A: small, mutation resistance 1
a: no special abilities


You were on level 3 of the Dungeon.
You were not hungry.

You visited 1 branch of the dungeon, and saw 3 of its levels.

You collected 93 gold pieces.

Inventory:

Hand Weapons
 a - a +1 hunting sling (weapon)
 b - a +0 short sword
Missiles
 d - 18 sling bullets
 j - 49 stones (quivered)
 m - 12 bolts
 v - 4 poisoned darts
Armour
 q - a +0 chain mail (worn)
 u - a +0 helmet (worn)
Scrolls
 c - a scroll of teleportation {unknown}
 e - 4 scrolls of remove curse
 l - a scroll of identify
 n - a scroll of enchant weapon {unknown}
 o - a scroll of random uselessness {unknown}
 p - a scroll of noise {unknown}
 r - a scroll of fog {unknown}
Potions
 h - a potion of invisibility {unknown}
 i - 2 potions of curing
 k - a potion of cancellation {unknown}
 s - a potion of brilliance {unknown}
 t - a potion of ambrosia {unknown}
Comestibles
 f - 6 rations
 g - 7 chunks of flesh


   Skills:
 + Level 3.7 Fighting
 + Level 6.3 Slings
 + Level 2.3 Armour
 - Level 2.1 Dodging
 - Level 1.1 Stealth


You had 4 spell levels left.
You didn't know any spells.
Your spell library was empty.

Dungeon Overview and Level Annotations

Branches:
Dungeon (3/15)

Altars:


Innate Abilities, Weirdness & Mutations

You are small and have problems with some larger weapons.
You are somewhat resistant to further mutation.


Message History

The orc priest hits you with a +0 club.
* * * LOW HITPOINT WARNING * * *
Firing (i - inventory. (/) - cycle)
j - 52 stones (quivered)
Press: ? - help, Shift-Dir - straight line, f/p - orc priest
Aim: an orc priest, wielding a +0 club and wearing a +0 chain mail (almost dead)
You shoot a stone. The stone barely misses the orc priest.
Firing (i - inventory. (/) - cycle)
j - 51 stones (quivered)
Press: ? - help, Shift-Dir - straight line, f/p - orc priest
Aim: an orc priest, wielding a +0 club and wearing a +0 chain mail (almost dead)
You shoot a stone. The stone hits the orc priest.
The orc priest is almost dead.
The orc priest begins to cast a cantrip, but forgets the words!
Firing (i - inventory. (/) - cycle)
j - 50 stones (quivered)
Press: ? - help, Shift-Dir - straight line, f/p - orc priest
Aim: an orc priest, wielding a +0 club and wearing a +0 chain mail (almost dead)
You shoot a stone.
The stone closely misses the orc priest.
The orc priest calls down the wrath of Beogh upon you.
Beogh smites you!
You die...

#........###.#
##.#......# #.#
..###..[..# #.#
#.###...[.# #.#
#...#.....# #.#
#........)###.####
.......รท).....##.#
...###..<).#..##.#
...###).#..#....@#
...........#.###o#
...##......#. #.#
...##.#...##. #.#
...##.#...#<. #(#
...##.....### #.#
####.>.. ... ######
#(#


You could see an orc priest.

Vanquished Creatures
  Robin (D:3)
  2 adders (D:2)
  An ooze (D:2)
  2 worms
  3 dart slugs (D:1)
  2 orcs (D:3)
  2 bats
  4 giant cockroaches
  12 hobgoblins
  2 quokkas
  3 ball pythons
  5 frilled lizards
  13 goblins
  13 kobolds
  2 rats
67 creatures vanquished.

Notes
Turn   | Place    | Note
-------+----------+-------------------------------------------
     0 | D:1      | Fractals the Halfling Hunter began the quest for the Orb.
     0 | D:1      | Reached XP level 1. HP: 14/14 MP: 1/1
    59 | D:1      | Reached skill level 6 in Slings
   112 | D:1      | Reached XP level 2. HP: 20/20 MP: 2/2
   349 | D:1      | Reached XP level 3. HP: 18/25 MP: 3/3
   860 | D:2      | Reached skill level 1 in Armour
   881 | D:2      | Reached XP level 4. HP: 26/31 MP: 4/4
  1876 | D:3      | Reached XP level 5. HP: 36/36 MP: 5/5
  1943 | D:3      | Noticed Robin
  2162 | D:3      | Killed Robin
  2409 | D:3      | Killed from afar by an orc priest

Illustrated notes

Levels and vault maps discovered:
D:1:      nagdon_arrival_zigzag_paths, layout_basic
D:2:      layout_basic, first_ration
D:3:      layout_basic, overflow_temple_1_default, uniq_robin

Skill      XL: |  1  2  3  4 |
---------------+-------------+-----
Fighting       | 2 3 |  3.7
Slings         | 6 |  6.3
Armour         | 1 2 |  2.3
Dodging        | |  2.1
Stealth        | |  1.1

Action                   |  1- 3 |  4- 6 || total
-------------------------+-------+-------++-------
 Fire: Hunting sling     |    90 |   160 ||   250
  Use: Scroll            |       |     2 ||     2
       Potion            |       |     1 ||     1
  Eat: Chunk             |       |     4 ||     4
Armor: Leather armour    |     3 |       ||     3
       Scale mail        |     4 |       ||     4
       Chain mail        |       |    35 ||    35
Dodge: Dodged            |    26 |    31 ||    57
